AoeStats
← ML16798

MegaRandom

509785440Analyzed
4v4 RM · 4d ago on Sep 28, 2026· 78m 11s· 8 players
Game mode
Random Map
Map size
Large (8 player)
Population
200
Speed
Normal
Resources
Standard
Victory
Conquest
Starting age
Dark Age
Ending age
Imperial Age
RankedLock teamsTeams togetherTeam positionsShared explorationLock speedFull tech treeHidden civsTurbo modeCheats
Victory
Defeat
🇨🇱 Mapuche · Chile
1067
+14
🇨🇱 Persians · Chile
1027
+16
🇦🇷 Maya · Argentina
1018
+16
🇨🇱 Huns · Chile
968
+18
🇺🇸 Saracens · United States
1086
-19
🇺🇸 Aztecs · United States
1052
-17
🇦🇷 Bulgarians · Argentina
978
-14
🇦🇺 Romans · Australia
965
-14
Keikz
8:29 Loom
12:50 Feudal Age
12:52 Man-at-Arms
18:08 Castle Age
19:26 Squires
23:59 Crossbowman
25:37 Wheelbarrow
25:18 Fletching
25:28 Padded Archer Armor
28:37 Bodkin Arrow
28:58 Leather Archer Armor
32:21 Thumb Ring
31:40 Long Swordsman
31:43 Eagle Warrior
33:19 Hand Cart
33:51 Horse Collar
38:56 Imperial Age
37:30 Forging
38:19 Scale Mail Armor
40:27 Iron Casting
40:07 Chain Mail Armor
42:39 Holcans
44:11 Blast Furnace
43:22 Heavy Plow
44:01 Elite Plumed Archer
44:56 Arbalester
45:39 Elite Eagle Warrior
49:40 Arbalester
51:53 Chemistry
57:31 Chemistry
68:28 Double-Bit Axe
71:53 Pikeman
maltax3
8:54 Loom
11:09 Feudal Age
11:23 Man-at-Arms
12:11 Double-Bit Axe
12:08 Horse Collar
18:08 Scale Barding Armor
18:05 Scale Mail Armor
20:26 Forging
24:57 Castle Age
23:27 Arson
26:52 Squires
26:39 Gambesons
26:15 Pikeman
26:50 Gold Mining
28:19 Thumb Ring
30:24 Wheelbarrow
31:42 Bow Saw
31:37 Heavy Plow
36:01 Imperial Age
34:15 Scale Barding Armor
34:47 Iron Casting
35:14 Hand Cart
35:50 Fletching
38:00 Two-Man Saw
37:10 Crossbowman
38:48 Gold Shaft Mining
39:23 Stone Mining
41:42 Kamandaran
41:48 Bodkin Arrow
41:54 Padded Archer Armor
41:24 Long Swordsman
44:02 Parthian Tactics
44:01 Leather Archer Armor
44:08 Chain Barding Armor
44:18 Halberdier
45:57 Conscription
46:24 Ballistics
47:22 Chemistry
69:22 Elite Skirmisher
77:49 Ring Archer Armor
Hinokami
4:46 Loom
11:18 Feudal Age
15:47 Fletching
17:36 Double-Bit Axe
17:35 Horse Collar
20:21 Castle Age
21:14 Bodkin Arrow
21:53 Bow Saw
29:53 Gold Mining
30:38 Padded Archer Armor
32:02 Leather Archer Armor
33:46 Wheelbarrow
39:08 Ballistics
42:16 Imperial Age
44:03 Chemistry
43:16 Medium Warships
45:38 Hand Cart
48:30 Elite Bolas Rider
51:25 Malon
51:46 Conscription
52:13 Ring Archer Armor
51:31 Demolition Ship
53:02 Forging
52:54 Scale Mail Armor
60:35 Elite Skirmisher
60:38 Pikeman
66:38 Caravan
71:24 Elite Skirmisher
74:49 Halberdier
77:17 Clinker Construction
77:52 Chain Mail Armor
Kenmarks
11:29 Feudal Age
15:58 Castle Age
16:15 Horse Collar
16:27 Double-Bit Axe
17:03 Forging
16:58 Scale Barding Armor
20:44 Husbandry
20:38 Loom
24:27 Bloodlines
26:26 Gold Mining
28:12 Wheelbarrow
30:11 Iron Casting
34:09 Bow Saw
34:37 Chain Barding Armor
37:33 Gold Shaft Mining
37:45 Heavy Plow
42:31 Imperial Age
43:31 Cavalier
45:58 Blast Furnace
52:46 Pikeman
53:27 Squires
55:49 Blast Furnace
54:50 Scale Mail Armor
56:45 Two-Man Saw
57:08 Hand Cart
62:11 Chain Mail Armor
71:06 Plate Barding Armor
70:40 Light Cavalry
71:22 Husbandry
71:44 Hussar
75:35 Halberdier
ML16798
0:43 Loom
11:09 Feudal Age
11:38 Town Watch
11:59 Double-Bit Axe
19:18 Castle Age
19:54 Bloodlines
19:52 Scale Barding Armor
19:47 Scale Mail Armor
19:58 Forging
27:11 Chain Mail Armor
27:32 Gold Mining
27:26 Horse Collar
28:58 Wheelbarrow
28:58 Husbandry
29:05 Arson
29:21 Squires
29:07 Gambesons
32:37 Iron Casting
The Lemons
4:54 Loom
14:24 Feudal Age
15:37 Double-Bit Axe
18:33 Arson
19:04 Forging
19:19 Scale Mail Armor
28:18 Castle Age
28:22 Eagle Warrior
29:03 Squires
29:22 Chain Mail Armor
39:30 Bow Saw
42:08 Imperial Age
40:26 Fletching
44:16 Plate Mail Armor
45:09 Pikeman
53:08 Wheelbarrow
53:12 Iron Casting
54:23 Horse Collar
56:49 Blast Furnace
59:29 Conscription
59:14 Atlatl
59:51 Heavy Plow
61:08 Hand Cart
60:46 Crossbowman
60:47 Elite Skirmisher
61:33 Bodkin Arrow
61:39 Padded Archer Armor
62:42 Bracer
62:58 Leather Archer Armor
65:13 Town Watch
66:34 Chemistry
66:05 Ballistics
67:19 Capped Ram
71:24 Elite Eagle Warrior
77:52 Crop Rotation
77:38 Siege Ram
NoLawsClaws
11:38 Feudal Age
9:57 Loom
12:45 Horse Collar
12:51 Double-Bit Axe
12:58 Stone Mining
13:39 Gold Mining
19:59 Castle Age
25:55 Wheelbarrow
25:42 Forging
26:43 Bow Saw
26:39 Heavy Plow
29:20 Gold Shaft Mining
29:23 Iron Casting
28:53 Scale Barding Armor
28:39 Fletching
29:47 Fortified Wall
29:33 Murder Holes
30:00 Hand Cart
29:42 Light Cavalry
30:32 Bloodlines
30:34 Husbandry
34:11 Imperial Age
32:28 Ballistics
33:00 Chain Barding Armor
32:36 Bodkin Arrow
34:16 Hussar
36:32 Blast Furnace
36:07 Plate Barding Armor
38:14 Conscription
53:45 Two-Man Saw
58:52 Chemistry
59:31 Scale Mail Armor
59:32 Bracer
58:55 Pikeman
59:20 Gambesons
59:36 Squires
59:21 Arson
61:39 Elite Skirmisher
62:25 Thumb Ring
62:23 Padded Archer Armor
62:38 Chain Mail Armor
64:31 Leather Archer Armor
64:47 Plate Mail Armor
65:27 Ring Archer Armor
69:24 Heavy Camel Rider
KingJo
6:17 Loom
10:10 Feudal Age
10:13 Man-at-Arms
11:40 Double-Bit Axe
12:20 Scale Mail Armor
23:52 Castle Age
23:00 Scale Barding Armor
23:06 Forging
23:23 Bloodlines
25:06 Gold Mining
26:02 Bow Saw
30:36 Gold Shaft Mining
33:51 Horse Collar
39:46 Imperial Age
39:03 Ballistas
39:48 Wheelbarrow
41:49 Chemistry
42:01 Conscription
44:49 Heavy Scorpion
46:13 Cavalier
70:59 Stone Mining
72:27 Pikeman
Connection lost

Rejoining the realm…

Still unreachable

The connection could not be restored.

Session expired

The server has moved on; the page needs a fresh start.